[Event "45th FIDE Womens Olympiad 2024"]
[Site "Budapest"]
[Date "2024.09.15"]
[Round "5.103"]
[White "Montiel Caceres, Helen"]
[Black "Vidic, Teja"]
[Result "1/2-1/2"]
[ECO "D02"]
[WhiteElo "1864"]
[BlackElo "2128"]
[Annotator "NA RC"]
[PlyCount "68"]
[EventDate "2024.09.05"]
[EventType "team-tourn"]
[EventCountry "HUN"]
[SourceTitle "playchess.com"]
[Source "ChessBase"]
[SourceQuality "1"]
[WhiteTeam "Paraguay"]
[BlackTeam "Slovenia"]
[WhiteTeamCountry "PAR"]
[BlackTeamCountry "SLO"]
[TimeControl "40/5400+30:1800+30"]

1. d4 d5 2. Nf3 e6 3. Bf4 Bd6 4. e3 Nf6 5. Nbd2 O-O 6. c3 b6 7. h4 c5 8. h5 h6 9. Bxd6 Qxd6 10. Ne5 Nfd7 11. f4 f6 12. Ng6 Re8 13. Nf3 Ba6 14. Bxa6 Nxa6 15. Qe2 Nab8 16. e4 dxe4 17. Qxe4 Qd5 18. Qxd5 exd5+ 19. Kf2 Nc6 20. Rhe1 Kf7 21. Rad1 c4 22. Nfh4 Nf8 23. Nxf8 Kxf8 24. Nf5 Rad8 25. Re3 Rxe3 26. Nxe3 Ne7 27. Kf3 b5 28. a3 Kf7 29. g4 Rb8 30. Ra1 a5 31. Nc2 Nc8 32. Ne3 Ne7 33. Nc2 Nc8 34. Ne3 Ne7 1/2-1/2

[Event "45th FIDE Womens Olympiad 2024"]
[Site "Budapest"]
[Date "2024.09.15"]
[Round "5.104"]
[White "Mihelic, Vesna"]
[Black "Oviedo Acosta, Paula"]
[Result "1-0"]
[ECO "B22"]
[WhiteElo "2069"]
[BlackElo "1790"]
[Annotator "TA"]
[PlyCount "83"]
[EventDate "2024.09.05"]
[EventType "team-tourn"]
[EventCountry "HUN"]
[SourceTitle "playchess.com"]
[Source "ChessBase"]
[SourceQuality "1"]
[WhiteTeam "Slovenia"]
[BlackTeam "Paraguay"]
[WhiteTeamCountry "SLO"]
[BlackTeamCountry "PAR"]
[TimeControl "40/5400+30:1800+30"]

1. e4 c5 2. Nf3 a6 3. c3 e6 4. d4 d5 5. exd5 exd5 6. Bd3 c4 7. Bc2 Bd6 8. O-O Ne7 {White is slightly better.} 9. Re1 (9. Ne5 {looks sharper.} O-O 10. Qh5 g6 11. Qf3) 9... O-O 10. Nbd2 Nbc6 11. Nf1 Bf5 12. Ng3 Bxc2 13. Qxc2 Qc7 14. Nf5 Rfe8 15. Bd2 Ng6 16. g3 b5 17. h4 {h5 would now be deadly.} Nf8 18. h5 {[%cal Od2h6] Black must now prevent Bh6!} Ne6 $2 {[#] A mistake that costs the game.} (18... Qd7 $14) 19. Rxe6 $1 $18 Rxe6 20. Ng5 {Excellent horsemanship.} h6 (20... g6 {keeps fighting.}) 21. Nxe6 fxe6 22. Nxh6+ gxh6 $2 (22... Kh8 {was called for.} 23. Qg6 Rf8) 23. Qg6+ Kh8 24. Qxh6+ (24. Qxe6 Bf8 $16) ({And not} 24. Bxh6 Rg8 25. Qf6+ Kh7 $14) 24... Qh7 25. Qxe6 Rd8 26. Bg5 (26. Qxd5 Ne7 27. Qg5 Rf8 $11) 26... Qd7 27. Qh6+ ({Not} 27. Qxd5 Be7 28. Qxd7 Rxd7 $18) 27... Qh7 28. Bf6+ Kg8 29. Qg5+ Kf7 30. Bxd8 Ke8 31. Qxd5 {White threatens Re1+ and mate.} Kd7 32. Bf6 {White wants to mate with Re1.} Kc7 33. Re1 Qd7 34. Qe6 Qxe6 35. Rxe6 {KRB-KBN. White mates.} Bf8 36. d5 Nd8 37. Re8 Bh6 38. Rxd8 Bc1 39. f4 Bxb2 40. h6 b4 41. h7 b3 42. axb3 {Weighted Error Value: White=0.05 (flawless) /Black=0.70.  Loses game:     	---       	Black=1      Mistake:       	---       	Black=2      Inaccurate:     	White=1     	Black=3      OK:         	White=11    	Black=7      Best:        	White=2     	---        Brilliant:      	White=1     	---} 1-0

[Event "45th FIDE Womens Olympiad 2024"]
[Site "Budapest"]
[Date "2024.09.15"]
[Round "5.105"]
[White "Smith, Olivia"]
[Black "Borosova, Zuzana"]
[Result "1-0"]
[ECO "C45"]
[WhiteElo "2087"]
[BlackElo "2205"]
[Annotator "TA"]
[PlyCount "87"]
[EventDate "2024.09.05"]
[EventType "team-tourn"]
[EventCountry "HUN"]
[SourceTitle "playchess.com"]
[Source "ChessBase"]
[SourceQuality "1"]
[WhiteTeam "Wales"]
[BlackTeam "Slovakia"]
[WhiteTeamCountry "WLS"]
[BlackTeamCountry "SVK"]
[TimeControl "40/5400+30:1800+30"]

1. e4 e5 2. Nf3 Nc6 3. d4 exd4 4. Nxd4 Nf6 5. Nxc6 bxc6 6. e5 Qe7 7. Qe2 Nd5 8. h4 a5 9. g3 Ba6 10. c4 $1 Nb6 {The position is equal.} 11. Nd2 O-O-O 12. b3 f6 13. Bb2 fxe5 14. Bh3 (14. Bxe5 $2 Re8 15. f4 d6 $19) (14. Qxe5 $2 Qxe5+ 15. Bxe5 Re8 $19) 14... Kb8 15. O-O $1 {[%cal Of1e1][%mdl 1024] White has compensation.} (15. Bxe5 $2 Re8 16. f4 d6 $19) (15. Qxe5 $2 Qxe5+ 16. Bxe5 Re8 $19) 15... d6 16. Bg2 Qe8 17. Rfe1 $36 {[%mdl 2048] White is really pushing. White is more active.} Be7 18. Nf3 ({White should try} 18. Bc3 $16) 18... c5 $14 19. Bc3 Bf6 (19... Bb7 $14) 20. Nd2 $16 (20. Bxa5 e4 21. Rac1 d5 (21... exf3 $2 {loses.} 22. Qxf3 Qf8 23. Bxb6 $18)) 20... Bb7 21. Bxb7 Kxb7 22. Bxa5 Qc6 (22... e4 $16) 23. Bxb6 (23. Ne4 $18) 23... cxb6 24. Ne4 d5 25. cxd5 Rxd5 26. a4 Rd4 27. a5 {[#] And now axb6 would win.} b5 (27... Ra8 $16 {keeps fighting.}) 28. Rac1 $18 c4 29. bxc4 Rxc4 $2 (29... b4 30. Rb1 Be7) 30. Rxc4 bxc4 31. Rc1 Rd8 32. Rxc4 {[#] Intending Qb2+ and mate.} Qd5 33. Rb4+ Kc7 34. Qc2+ Kd7 35. Nxf6+ gxf6 36. Qxh7+ {KQR-KQR} Ke6 37. Rb6+ Rd6 38. Qg8+ (38. Qc7 $142 Rxb6 39. Qxb6+ (39. axb6 Qd1+ 40. Kh2 Qf3 $18) 39... Kf5 40. a6 Qd1+ 41. Kh2 Kg6 42. a7 Qf3 43. Qb2) 38... Kf5 39. Qc8+ Kg6 40. Qg4+ {White mates.} Kh6 41. Rxd6 Qxd6 42. h5 Kh7 43. Qg6+ Kh8 44. h6 {Weighted Error Value: White=0.24 (precise) /Black=0.70.  Mistake:       	White=2     	Black=4      Inaccurate:     	White=1     	Black=6      OK:         	White=9     	Black=6      Best:        	White=1     	Black=2      Strong:       	White=2     	---} 1-0

[Event "45th FIDE Womens Olympiad 2024"]
[Site "Budapest"]
[Date "2024.09.15"]
[Round "5.106"]
[White "Repkova, Eva"]
[Black "Camp, Imogen A L"]
[Result "1-0"]
[ECO "C42"]
[WhiteElo "2319"]
[BlackElo "1923"]
[Annotator "TA"]
[PlyCount "115"]
[EventDate "2024.09.05"]
[EventType "team-tourn"]
[EventCountry "HUN"]
[SourceTitle "playchess.com"]
[Source "ChessBase"]
[SourceQuality "1"]
[WhiteTeam "Slovakia"]
[BlackTeam "Wales"]
[WhiteTeamCountry "SVK"]
[BlackTeamCountry "WLS"]
[TimeControl "40/5400+30:1800+30"]

1. e4 e5 2. Nf3 Nf6 3. Nxe5 Nxe4 4. Qe2 Qe7 5. Qxe4 d6 6. d4 dxe5 7. dxe5 Nc6 8. Bb5 Bd7 9. Nc3 $1 O-O-O 10. Bf4 g5 {The position is equal.} 11. Be3 {Hoping for 0-0-0.} h6 12. O-O-O Bg7 (12... a6 $14 13. Ba4 Bg7) 13. Qa4 $16 {White is much more active.} Qxe5 14. Bxa7 Nxa7 15. Bxd7+ (15. Rxd7 $6 Kb8 $11 (15... Nxb5 16. Rxf7 Kb8 17. Qxb5 $16)) 15... Kb8 16. Rd5 Qf6 {Black is weak on the light squares} 17. f3 c6 18. Ra5 (18. Rd3 $1 $14 {is the one way to stay ahead.}) 18... Qd4 (18... Qe7 $1 $17 19. Rd1 Qe3+ 20. Kb1 Bxc3 21. bxc3 Nb5 22. Rxb5 (22. Ra8+ Kc7 $15) 22... cxb5) 19. Rd1 (19. Qxd4 $1 $11 {was the only way to keep the balance.} Bxd4 20. Bf5) 19... Qxa4 ({Better is} 19... Qe3+ $1 $17 20. Kb1 Bxc3 21. bxc3 Nb5 22. Rxb5 (22. Ra8+ Kc7 $17) 22... cxb5) 20. Nxa4 $11 Nb5 21. c4 $1 $36 {[%mdl 2048] Black is under pressure.} Nd4 22. Nb6 Kc7 23. c5 Ne2+ ({Much weaker is} 23... Rxd7 $6 24. Nxd7 Kxd7 25. Ra4 $18) 24. Kc2 Nf4 (24... Nd4+ $11 25. Kc1 (25. Kc3 Nxf3+ 26. Kc2 Nd4+ 27. Kc1 f5 $15) 25... Ne2+ (25... Rxd7 26. Nxd7 Kxd7 27. Ra4 $18) 26. Kb1 Nf4) 25. Rd2 $16 Nd5 {White leaves nothing to chance now.} 26. Nxd5+ cxd5 {[#]} 27. Bb5 Be5 28. g3 h5 29. Re2 Bf6 30. Ra3 Ra8 31. Rxa8 Rxa8 {[%mdl 4096] Endgame. KRB-KRB} 32. a4 b6 33. cxb6+ Kxb6 34. Re8 {Prevents Rc8+.} Ra7 {[#]} 35. Rc8 $1 {Threatens to win with Rc6+.} Be7 36. Rc6+ Ka5 37. Kc3 Ra8 38. Kd4 Kb4 39. Kxd5 Ra7 (39... Rd8+ $142 40. Ke5 Rd2) 40. Rb6 $18 Bd8 41. Rb8 {Intending Bc6+ and mate.} Bc7 42. Rh8 h4 43. gxh4 Bxh2 $2 (43... gxh4 44. Rxh4+ Kb3) 44. hxg5 Bg3 {Dodges Rh4+} 45. Rh3 Bb8 {[#]} 46. f4 $1 Re7 47. Rf3 Rc7 {[#]} (47... Re6 $142 48. b3 Re7) 48. Rc3 $1 {aiming for Rxc7.} Re7 (48... Rb7 49. Bc6) 49. Rf3 Rc7 $1 50. Ke4 Re7+ 51. Kf5 Re6 52. Rd3 Re7 53. Rd7 Rxd7 54. Bxd7 {White mates.} Bd6 55. Be8 Be7 56. Bxf7 Kxa4 57. g6 Bf8 58. Kf6 {Weighted Error Value: White=0.27 (precise) /Black=0.36.  Mistake:       	White=2     	Black=7      Inaccurate:     	White=1     	Black=1      OK:         	White=24    	Black=15     Best:        	White=2     	Black=3      Strong:       	White=3     	---} 1-0

[Event "45th FIDE Womens Olympiad 2024"]
[Site "Budapest"]
[Date "2024.09.15"]
[Round "5.107"]
[White "Smith, Lynda"]
[Black "Mrvova, Alena"]
[Result "0-1"]
[ECO "B26"]
[WhiteElo "1831"]
[BlackElo "2121"]
[Annotator "TA"]
[PlyCount "76"]
[EventDate "2024.09.05"]
[EventType "team-tourn"]
[EventCountry "HUN"]
[SourceTitle "playchess.com"]
[Source "ChessBase"]
[SourceQuality "1"]
[WhiteTeam "Wales"]
[BlackTeam "Slovakia"]
[WhiteTeamCountry "WLS"]
[BlackTeamCountry "SVK"]
[TimeControl "40/5400+30:1800+30"]

1. e4 c5 2. Nc3 Nc6 3. g3 g6 4. Bg2 Bg7 5. d3 d6 6. Be3 Rb8 7. Qd2 Nf6 8. Bh6 Bxh6 9. Qxh6 Nd4 {The position is equal.} 10. Qd2 b5 11. h4 h5 12. Nd1 e5 13. c3 Ne6 14. Nf3 Bb7 15. O-O O-O 16. Ne3 c4 17. Ng5 Nxg5 (17... Nc5 $5) 18. hxg5 Nh7 19. f4 exf4 20. gxf4 Re8 21. Rae1 f6 (21... cxd3 $11 22. Qxd3 Qe7) 22. dxc4 $16 (22. f5 cxd3 23. fxg6 Nxg5 $15) 22... fxg5 {[#]} (22... bxc4 $16 23. Nxc4 fxg5) 23. cxb5 (23. f5 $1 $18 {[%cal Rf5g6] and the rest is easy.}) 23... g4 $2 (23... gxf4 $16 24. Rxf4 Qg5 25. Qxd6 Rbd8) 24. Nd5 $2 (24. f5 $18) 24... h4 25. e5 $36 {[%mdl 2048] White is in control.} h3 {[#]} 26. Be4 dxe5 27. fxe5 ({White should try} 27. c4 $16) 27... Qh4 $2 {Black is weak on the dark squares} (27... Rxe5 $11 28. c4 Qg5 (28... Ng5 29. Nf6+ Kg7 30. Qc3 $11) 29. Qxg5 Nxg5) 28. Qf4 {Threatens to win with Nf6+.} ({Stronger than} 28. Bxg6 Qg3+ 29. Kh1 Rxe5 30. Rxe5 Qxe5 $11) 28... Rf8 29. Nf6+ Nxf6 (29... Kh8 $16 {keeps fighting.}) 30. exf6 $18 {And now Qc7 would win.} Bxe4 31. f7+ $2 ({Weaker is} 31. Qxe4 Kh8 $14) (31. Rxe4 $18 {aiming for Qc7.} Rb7 32. Qxg4 Qxg4+ 33. Rxg4 Rxb5 34. Rxg6+ Kh7 35. Rg3) 31... Kh7 $11 32. Rxe4 Rxb5 {[%cal Ob5f5] Strongly threatening ...Rf5!} 33. Re8 $2 (33. Re5 $11 Rxe5 (33... Rxb2 34. Kh1 $11) 34. Qxe5) 33... Rf5 $1 {Black mates.} 34. Qh2 Rxf1+ 35. Kxf1 Rxf7+ 36. Kg1 g3 37. Qd2 h2+ 38. Kh1 Rf1+ {Weighted Error Value: White=0.54/Black=0.36.  Loses game:     	White=1     	---        Missed win:     	White=1     	---        Mistake:       	White=3     	Black=5      Inaccurate:     	White=2     	Black=2      OK:         	White=11    	Black=8      Best:        	White=2     	Black=1      Strong:       	---       	Black=1} 0-1

[Event "45th FIDE Womens Olympiad 2024"]
[Site "Budapest"]
[Date "2024.09.15"]
[Round "5.108"]
[White "Bochnickova, Simona"]
[Black "Kong, Emma Zihan"]
[Result "1-0"]
[ECO "B33"]
[WhiteElo "2138"]
[BlackElo "1747"]
[Annotator "TA"]
[PlyCount "49"]
[EventDate "2024.09.05"]
[EventType "team-tourn"]
[EventCountry "HUN"]
[SourceTitle "playchess.com"]
[Source "ChessBase"]
[SourceQuality "1"]
[WhiteTeam "Slovakia"]
[BlackTeam "Wales"]
[WhiteTeamCountry "SVK"]
[BlackTeamCountry "WLS"]
[TimeControl "40/5400+30:1800+30"]

1. e4 c5 2. Nf3 Nc6 3. d4 cxd4 4. Nxd4 e5 5. Nb5 d6 6. N1c3 Nf6 7. Bg5 a6 8. Na3 b5 9. Nd5 Be7 10. Bxf6 Bxf6 11. c3 Be6 12. Nc2 Be7 (12... O-O $11 {keeps the balance.}) 13. Nce3 {Excellent horsemanship.} ({White should play} 13. a4 $1 $16 Rb8 14. axb5 axb5 15. Bd3) 13... Bg5 14. a4 (14. Nf5 $14) 14... Bxe3 {The position is equal.} 15. Nxe3 b4 16. cxb4 {[%cal Of1a6] Threatens to win with Bxa6!} Nxb4 17. Bc4 Qd7 18. Qd2 Nc6 19. O-O Bxc4 20. Nxc4 {[%cal Oc4b6] Black must now prevent Nb6!} Rd8 $1 21. Ra3 d5 (21... O-O $11 {remains equal.}) 22. Nb6 $36 {[%csl LRd5,LRd7][%cal Bc4b6,Bb6d5,Bd5f6][%mdl 2080] White is on the roll.} Qb7 23. Nxd5 {White is more active.} O-O $2 {[%mdl 8192] [#]} (23... f5 $16) 24. Nf6+ $1 Kh8 {[#]} (24... gxf6 25. Rg3+) 25. Rh3 $1 {Weighted Error Value: White=0.19 (very precise) /Black=0.70.  Loses game:     	---       	Black=1      Mistake:       	White=2     	Black=1      Inaccurate:     	White=2     	Black=3      OK:         	White=3     	Black=1      Best:        	White=1     	---        Strong:       	---       	Black=1      Brilliant:      	White=1     	---} 1-0

[Event "45th FIDE Womens Olympiad 2024"]
[Site "Budapest"]
[Date "2024.09.15"]
[Round "5.109"]
[White "Rivera, Ingris"]
[Black "Pang, Kay Yan Eden"]
[Result "1-0"]
[ECO "E05"]
[WhiteElo "2171"]
[BlackElo "1847"]
[Annotator "TA"]
[PlyCount "75"]
[EventDate "2024.09.05"]
[EventType "team-tourn"]
[EventCountry "HUN"]
[SourceTitle "playchess.com"]
[Source "ChessBase"]
[SourceQuality "1"]
[WhiteTeam "Colombia"]
[BlackTeam "Singapore"]
[WhiteTeamCountry "COL"]
[BlackTeamCountry "SIN"]
[TimeControl "40/5400+30:1800+30"]

1. d4 d5 2. Nf3 e6 3. g3 Nf6 4. Bg2 Be7 5. O-O O-O 6. c4 dxc4 7. Ne5 Nc6 8. Nxc6 bxc6 9. Bxc6 Rb8 10. Bg2 c5 11. Na3 cxd4 {[#] Hoping for ...Bxa3.} 12. Nxc4 Bb7 {The position is equal.} 13. Bxb7 Rxb7 14. Qd3 Qd5 15. b3 Rd8 16. Bb2 Ne4 17. Rad1 Rbd7 18. Qf3 Nc5 19. Qxd5 Rxd5 20. Ba3 Bf6 21. Rd2 Ne4 22. Rc2 e5 23. Bb4 Rc8 (23... Rb5 $11 24. Be1 Ng5) 24. Rfc1 $14 g6 (24... Bd8 $14) 25. f3 $16 Ng5 26. Nd6 Rxc2 27. Rxc2 {[#] Threatens to win with Rc8+.} h5 28. Rc8+ Kh7 29. h4 {White is more active.} (29. Kf2 $142) 29... Nxf3+ $2 {[%mdl 8192] A mistake that costs the game.} 30. exf3 $18 {[%cal Be2f3,Bf3e4][%mdl 32] White is clearly winning.} Be7 31. Ne4 f5 (31... Rd8 $142 32. Rxd8 (32. Bxe7 Rxc8 33. Bd6 f5 $14) 32... Bxd8) 32. Rc7 fxe4 33. Rxe7+ {KRB-KR} Kg8 34. fxe4 Rb5 35. Bd2 Rc5 36. Kf2 Rc2 37. Ke2 Rxa2 38. Rxe5 {Weighted Error Value: White=0.08 (flawless) /Black=0.36.  Loses game:     	---       	Black=1      Mistake:       	White=1     	Black=3      Inaccurate:     	White=1     	---        OK:         	White=12    	Black=5      Best:        	White=1     	Black=1} 1-0

[Event "45th FIDE Womens Olympiad 2024"]
[Site "Budapest"]
[Date "2024.09.15"]
[Round "5.110"]
[White "Rice, Lauren"]
[Black "Argote Heredia, Valentina"]
[Result "0-1"]
[ECO "E11"]
[WhiteElo "1824"]
[BlackElo "2144"]
[Annotator "NA RC"]
[PlyCount "74"]
[EventDate "2024.09.05"]
[EventType "team-tourn"]
[EventCountry "HUN"]
[SourceTitle "playchess.com"]
[Source "ChessBase"]
[SourceQuality "1"]
[WhiteTeam "Singapore"]
[BlackTeam "Colombia"]
[WhiteTeamCountry "SIN"]
[BlackTeamCountry "COL"]
[TimeControl "40/5400+30:1800+30"]

1. d4 Nf6 2. c4 e6 3. Nf3 Bb4+ 4. Bd2 Qe7 5. g3 Nc6 6. Bg2 Bxd2+ 7. Nbxd2 d6 8. O-O O-O 9. e4 e5 10. d5 Nb8 11. Ne1 a5 12. Nd3 c6 13. a3 a4 14. Nb1 Nbd7 15. Nc3 Nb6 16. b3 Bg4 17. f3 Bd7 18. Nb2 cxd5 19. cxd5 h5 20. Nbxa4 Nxa4 21. bxa4 h4 22. g4 Rfc8 23. Qb3 Nh7 24. Nb5 Nf8 25. f4 exf4 26. Qb4 Bxb5 27. axb5 Ng6 28. Qd2 Qe5 29. a4 Rc3 30. Rac1 Rxc1 31. Qxc1 Rxa4 32. Qc8+ Kh7 33. Qxb7 Qd4+ 34. Kh1 Ra1 35. Qxf7 Rxf1+ 36. Bxf1 Qf2 37. Bh3 f3 0-1

[Event "45th FIDE Womens Olympiad 2024"]
[Site "Budapest"]
[Date "2024.09.15"]
[Round "5.111"]
[White "Chirivi C, Jenny Astrid"]
[Black "Koh, Wei Le Gladys"]
[Result "0-1"]
[ECO "D30"]
[WhiteElo "2120"]
[BlackElo "1788"]
[Annotator "TA"]
[PlyCount "106"]
[EventDate "2024.09.05"]
[EventType "team-tourn"]
[EventCountry "HUN"]
[SourceTitle "playchess.com"]
[Source "ChessBase"]
[SourceQuality "1"]
[WhiteTeam "Colombia"]
[BlackTeam "Singapore"]
[WhiteTeamCountry "COL"]
[BlackTeamCountry "SIN"]
[TimeControl "40/5400+30:1800+30"]

1. d4 d5 2. c4 c6 3. Nf3 Nf6 4. e3 e6 5. Bd3 Nbd7 6. O-O dxc4 7. Bxc4 b5 8. Bd3 Bb7 9. a4 b4 10. Nbd2 Be7 11. e4 {[%cal Be3e4,Be4e5][%mdl 32] The position is equal.} c5 12. e5 Nd5 13. Nc4 h6 {Against Bg5} 14. a5 Rc8 15. Qe2 Kf8 16. Rd1 (16. Nd6 {is interesting.} Bxd6 17. exd6 cxd4 18. a6) 16... Qc7 17. a6 Ba8 18. Bd2 Qb8 19. h4 g6 20. h5 g5 21. g3 ({White should try} 21. dxc5 $14 Kg7 22. c6 Rxc6 23. Na5) 21... cxd4 22. Nxd4 N5b6 ({Black should play} 22... Kg7 $11) 23. Ra5 $2 {[%mdl 8192] [#] Now White is beyond hope.} (23. Nd6 $14 {keeps the upper hand.} Bxd6 24. exd6 Qxd6 25. Nb5) 23... Nxc4 $1 $19 24. Bxc4 {[#]} Qc7 $1 25. Rb5 {[%cal Oc4e6] Black must now prevent Bxe6!} Qxc4 26. Qxc4 Rxc4 27. Be1 Nb6 28. b3 Rc5 29. Bxb4 Rxb5 30. Bxe7+ Kxe7 31. Nxb5 Bd5 32. b4 Nd7 33. f4 gxf4 34. gxf4 Rg8+ 35. Kf2 Rb8 36. Nxa7 {[%cal Od1d5] Rxd5! is the strong threat.} Ra8 (36... Rxb4 $142 37. Nc8+ Kd8) 37. Nb5 (37. Rxd5 $142 exd5 38. Nc6+ Ke8 39. b5) 37... Rxa6 38. Nc3 Bb7 39. Ke3 Nb6 40. f5 Nd5+ {Black is clearly winning.} 41. Nxd5+ Bxd5 {[%mdl 4096] Endgame. KRB-KR} 42. Kd4 Rc6 43. f6+ Kd7 44. Rb1 (44. Rg1 $142 Rc4+ 45. Kd3) 44... Rc4+ 45. Ke3 Re4+ 46. Kd3 Rxe5 {Strongly threatening ...Be4+.} 47. Ra1 Bb7 48. Kc4 Rxh5 49. b5 Kc7 50. Rd1 Bd5+ 51. Kb4 Kb6 {Hoping for ...Rh4+.} 52. Ra1 Rh4+ 53. Kc3 Rf4 {Weighted Error Value: White=0.58/Black=0.18 (very precise) .  Loses game:     	White=1     	---        Mistake:       	White=3     	Black=2      Inaccurate:     	White=2     	Black=2      OK:         	White=14    	Black=15     Best:        	White=1     	Black=2      Strong:       	---       	Black=2} 0-1

[Event "45th FIDE Womens Olympiad 2024"]
[Site "Budapest"]
[Date "2024.09.15"]
[Round "5.112"]
[White "Fang, Kun"]
[Black "Lopez Rayo, Isabella"]
[Result "0-1"]
[ECO "C63"]
[WhiteElo "1769"]
[BlackElo "1952"]
[Annotator "TA"]
[PlyCount "144"]
[EventDate "2024.09.05"]
[EventType "team-tourn"]
[EventCountry "HUN"]
[SourceTitle "playchess.com"]
[Source "ChessBase"]
[SourceQuality "1"]
[WhiteTeam "Singapore"]
[BlackTeam "Colombia"]
[WhiteTeamCountry "SIN"]
[BlackTeamCountry "COL"]
[TimeControl "40/5400+30:1800+30"]

1. e4 e5 2. Nf3 Nc6 3. Bb5 f5 4. d4 fxe4 5. Nxe5 Nxe5 6. dxe5 c6 7. Be2 Qa5+ 8. Bd2 Qxe5 9. Bh5+ {C63: Ruy Lopez: Schliemann/Jaenisch Defence.} Kd8 10. Nc3 Nf6 11. Bg4 $146 ({Predecessor:} 11. Be2 d5 12. Be3 Bd6 13. Qd2 Re8 14. O-O-O b6 15. g3 Bb7 16. Rhe1 Qf5 17. Rf1 {0-1 Cisler,P (2210)-Bujak,M (2145) CZE-chT2A 1314 2013 (3.3)}) 11... h5 12. Bh3 d5 13. Bxc8 Rxc8 14. Qe2 (14. Be3 $17 {was worth a try.}) 14... Bd6 (14... d4 $1 $19 15. O-O-O Kc7 (15... dxc3 $2 16. Bxc3+ $18)) 15. O-O-O $17 d4 16. Nb1 (16. g3 $17 Qf5 (16... dxc3 17. Bf4 $15) 17. Be3 dxe3 18. Rxd6+ Kc7 19. Rxf6 Qxf6 20. Qxe3) 16... Kc7 $19 17. g3 Qd5 18. Bc3 c5 (18... Qxa2 19. Bxd4 Rhe8 20. Bxf6 gxf6 21. Qxh5 $15) 19. b3 Qf5 20. Na3 Kb8 (20... dxc3 21. Nb5+ Kb8 22. Nxd6 Qg5+ 23. Kb1 $14) 21. Bb2 Ng4 22. Nc4 Bc7 (22... Qxf2 23. Qxf2 Nxf2 24. Nxd6 $17) 23. Rde1 Nxf2 (23... Qxf2 24. Qxe4 b5 (24... Nxh2 25. Re2 $19) 25. Ref1 bxc4 26. Rxf2 Nxf2 27. Qd5 Nxh1 28. Qxc4 $19) 24. Rhf1 Rhf8 25. Kb1 e3 26. Nxe3 dxe3 27. Qxe3 Qf3 $2 (27... Rcd8 $19 {aiming for ...Ba5.} 28. Bxg7 Rf7) 28. Qe7 $2 (28. Qxf3 $1 $11 {and White stays safe.} Rxf3 29. Re2) 28... Qf7 (28... g6 $142 {Strongly threatening ...Qg2.} 29. Re2 Qg2) 29. Bxg7 $19 Qxe7 $1 30. Rxe7 Rf5 31. Re2 {[#]} Rf7 $1 32. Bh6 Rh7 33. Bg5 Ng4 34. h3 Ne5 35. Rf5 Nc6 36. Rxc5 Bxg3 37. Rd5 Rf7 38. Kb2 h4 39. a3 Rf2 40. Rxf2 Bxf2 41. Rd7 Nd4 42. c3 (42. Bf4+ {keeps fighting.} Ka8 43. c3) 42... Ne6 $19 43. Bf6 Rf8 44. Be5+ Ka8 45. c4 $2 (45. Re7 {was called for.} Ng5 46. Bf6) 45... Bg3 $19 46. Bd6 Rh8 47. c5 a6 48. b4 Ng5 49. a4 Bxd6 50. cxd6 Kb8 51. Re7 Kc8 (51... Rd8 $19 {and Black stays clearly on top.} 52. Rg7 Nxh3) 52. Rc7+ $17 {[#]} Kb8 $2 (52... Kd8 $1 $17 53. Rxb7 Rh6 (53... Nxh3 $2 {perishes.} 54. Rb8+ Kd7 55. Rxh8 $18) 54. Rb8+ Kd7 55. Rb7+ Kc6 (55... Kxd6 $2 {too greedy.} 56. Rb6+ Kc7 57. Rxh6 $18)) 53. Re7 $1 $19 Rd8 54. Rg7 Nf3 55. Rg6 Rh8 56. Kc3 Rc8+ 57. Kb2 Ne5 58. Re6 Nf7 59. Kb3 $2 (59. d7 Rd8 60. Re4) 59... Rd8 $19 60. Re4 Rh8 ({Don't play} 60... Rxd6 61. Rf4 Ng5 62. Rxh4 $19) 61. Rd4 Kc8 62. Kc4 Kd7 63. Kc5 Rh5+ 64. Kb6 Nxd6 65. Rg4 Ke6 66. Rg6+ Kd5 67. Kc7 (67. b5 $142 axb5 68. axb5) 67... Rh7+ $19 68. Kb6 Nc4+ 69. Ka7 b5+ 70. Kxa6 bxa4 71. b5 a3 72. Rg2 Rh6+ 0-1